 Dungeon Crawl Stone Soup version 0.24-a0-271-ga0fc33f (webtiles) character file.

Game seed: 3267639734941582168

10994 gruber the Archer (level 11, -5/100 HPs)
             Began as a Centaur Hunter on Apr 23, 2019.
             Was an Elder of Okawaru.
             Slain by a red devil
             ... wielding a +2 trident of freezing
              (12 damage)
             ... in a Gauntlet.
             The game lasted 00:30:21 (15771 turns).

gruber the Archer (Centaur Hunter)                 Turns: 15771, Time: 00:30:22

Health: -5/100     AC:  9    Str: 15    XL:     11   Next: 43%
Magic:  9/11       EV: 16    Int: 10    God:    Okawaru [****..]
Gold:   657        SH:  0    Dex: 17    Spells: 10/10 levels left

rFire    + + +     SeeInvis .   c - +3 mace of Tartarus {elec, +Blink rElec rF+ MR++}
rCold    . . .     Gourm    .   (no shield)
rNeg     . . .     Faith    .   V - +2 robe {rF+}
rPois    .         Spirit   .   (no helmet)
rElec    +         Reflect  .   p - +0 cloak
rCorr    .         Harm     .   t - +0 pair of gloves
MR       ++...     NoTele   +   (no barding)
Stlth    +++.......             H - amulet of regeneration
HPRegen  0.66/turn              E - ring of protection from fire
MPRegen  0.12/turn              s - +4 ring of dexterity

@: heroism, very quick
A: large, hooves 3, deformed body, speed 2, tough skin 3
a: Heroism, Renounce Religion, Evoke Blink


You were in a Gauntlet.
You worshipped Okawaru.
Okawaru was greatly pleased with you.
You were not hungry.

You visited 2 branches of the dungeon, and saw 12 of its levels.
You also visited: Sewer, Ossuary and Gauntlet.

You collected 657 gold pieces.

Inventory:

Hand Weapons
 a - a +2 shortbow
 c - the +3 mace of Tartarus (weapon) {elec, +Blink rElec rF+ MR++}
   (You found it on level 10 of the Dungeon)

   Occasionally, upon striking a foe, it will discharge some electrical energy
   and cause terrible harm.
   It protects you from fire.
   It insulates you from electricity.
   It affects your resistance to hostile enchantments.
   It lets you blink.
 T - a +2 rapier of flaming
 X - a +2 trident of venom
Missiles
 d - 76 arrows
Armour
 p - a +0 cloak (worn)
 t - a +0 pair of gloves (worn)
 V - a +2 robe of fire resistance (worn)
Jewellery
 q - an uncursed ring of positive energy
 s - a +4 ring of dexterity (right hand)
 y - an uncursed ring of protection from magic
 E - a ring of protection from fire (left hand)
 H - an amulet of regeneration (around neck)
 O - an uncursed amulet of rage
 R - an uncursed ring of positive energy
 U - an uncursed ring of protection from cold
Wands
 D - a wand of polymorph (24)
 K - a wand of digging (7)
 M - a wand of flame (36)
 S - a wand of clouds (2)
Scrolls
 b - a scroll of vulnerability {unknown}
 g - 3 scrolls of enchant weapon
 h - 3 scrolls of magic mapping
 i - 15 scrolls of identify
 k - 2 scrolls of remove curse
 l - a scroll of fear {unknown}
 n - 3 scrolls of teleportation
 r - a scroll of blinking {unknown}
 v - 3 scrolls of amnesia {unknown}
 x - 2 scrolls of fog {unknown}
 I - a scroll of noise {unknown}
 L - a scroll of brand weapon {unknown}
 P - a scroll of enchant armour {unknown}
Potions
 j - a potion of lignification
 m - a potion of mutation {unknown}
 o - 3 potions of heal wounds {unknown}
 u - 2 potions of brilliance {unknown}
 w - a potion of cancellation {unknown}
 z - a potion of haste {unknown}
 C - 2 potions of degeneration {unknown}
 G - 2 potions of agility {unknown}
 J - 2 potions of magic {unknown}
 N - a potion of flight {unknown}
 Q - a potion of might {unknown}
Comestibles
 f - 20 rations


   Skills:
 - Level 10.2(15.2) Fighting
 - Level 3.0(8.0) Maces & Flails
 - Level 7.3(12.3) Polearms
 - Level 14.0(19.0) Bows
 + Level 2.7(7.7) Armour
 + Level 4.2(9.2) Dodging
 - Level 0.4(5.4) Stealth


You had 10 spell levels left.
You didn't know any spells.
Your spell library contained the following spells:

 Spells                   Type           Power        Failure   Level  Hunger
 Animate Skeleton         Necr           N/A          36%         1    ##.....
 Apportation              Tloc           #.....       36%         1    ##.....
 Confusing Touch          Hex            #.....       36%         1    ##.....
 Summon Butterflies       Summ           #.......     36%         1    ##.....
 Summon Small Mammal      Summ           #...         36%         1    ##.....
 Lesser Beckoning         Tloc           #.........   75%         3    ####...
 Tukima's Dance           Hex            #.......     75%         3    ####...
 Fulminant Prism          Conj/Hex       #.........   98%         4    #####..
 Throw Icicle             Conj/Ice       #.......     98%         4    #####..
 Alistair's Intoxication  Tmut/Pois      #.......     100%        5    ######.
 Irradiate                Conj/Tmut      #.........   100%        5    ######.
 Invisibility             Hex            #.......     100%        6    #######
 Spellforged Servitor     Conj/Summ      #.........   100%        7    #######


Dungeon Overview and Level Annotations

Branches:
Dungeon (11/15)            Temple (1/1) D:6            Lair (0/6) D:10
    Orc (0/2) D:10

Altars:
Ashenzari
Cheibriados
Dithmenos
Elyvilon
Fedhas
Gozag
Hepliaklqana
Kikubaaqudgha
Makhleb
Nemelex Xobeh
Okawaru
Qazlal
Ru
Sif Muna
Trog
Uskayaw
Vehumet
Wu Jian
Xom
Yredelemnul
Zin
The Shining One

Shops:
D:8 [

Annotations:
Gauntlet 11 transporters


Innate Abilities, Weirdness & Mutations

You have hooves in place of feet.
Armour fits poorly on your strangely shaped body.
You cover ground very quickly.
You have extremely tough skin. (AC +3)


Message History

The red devil completely misses you.
The crimson imp hits you but does no damage.
You barely miss the crimson imp. You kick the crimson imp.
You kill the crimson imp!
Okawaru accepts your kill.
The red devil hits you but does no damage.
The red devil hops backward while attacking.
The red devil hits you from afar with a +2 trident of freezing!
* * * LOW HITPOINT WARNING * * *
The red devil freezes you.
* * * LOW HITPOINT WARNING * * *
You see here 10 arrows.
You feel better.
The red devil hits you from afar with a +2 trident of freezing!
* * * LOW HITPOINT WARNING * * *
The red devil freezes you.
* * * LOW HITPOINT WARNING * * *
The crimson imp hits you but does no damage.
The red devil hits you with a +2 trident of freezing!
You die...

#8#..###########...#####
###..#.........#.8.#xxX.
#..#...###...#...#xx##
###..#....#...!#####x#..
#8#..#.#..#..#.#...#.#.©
###.©#.######.©#©.©#..##
#..#.#(©#..#"#...#.#..
###..#.5..#....#####.#.x
#8#..#4@.###...#...#..##
###..#.........#...#....
#..###########...#####
###≈.............≈......
#8#∩...∩........≈8≈.....
###≈.............≈......
#..###########...#####
###..#.........#...#....
#8#..#.#.....#G#...#...#


You could see a red devil and a crimson imp.

Vanquished Creatures
  3 death yaks (D:10)
  An ugly thing (D:10)
  Psyche (D:10)
  A smoke demon (Gauntlet)
  A kobold demonologist (D:8)
  2 trolls
  Prince Ribbit (D:5)
  Grinder (D:4)
  2 hippogriffs
  A spriggan (D:7)
  4 yaks (D:10)
  A warg (D:10)
  3 ice beasts
  3 orc warriors
  3 phantoms
  3 necrophages
  An eye of draining (D:8)
  2 sky beasts (D:9)
  5 ogres
  7 centaurs
  A crocodile (D:10)
  6 big kobolds
  6 bullfrogs
  A gnoll sergeant (D:6)
  10 killer bees
  3 scorpions
  A howler monkey (D:8)
  6 crimson imps
  A bullfrog zombie (D:10)
  2 centaur zombies
  A gnoll shaman (D:5)
  5 hounds
  Crazy Yiuf (D:6)
  A bullfrog skeleton (D:4)
  3 orc priests
  2 centaur skeletons
  13 orc wizards
  4 iguanas
  4 worker ants
  A hound zombie (D:5)
  A hound skeleton (D:8)
  3 mummies (Ossuary)
  A howler monkey skeleton (D:8)
  A worker ant zombie (D:9)
  10 adders
  6 gnolls
  An ooze (D:1)
  2 adder skeletons
  4 adder zombies (Ossuary)
  2 dart slugs (D:3)
  11 leopard geckos
  29 orcs
  3 ball pythons
  15 giant cockroaches
  6 goblins
  5 hobgoblins
  19 jackals
  17 kobolds
  2 quokkas
  11 bats
  9 frilled lizards
  3 goblin zombies (Ossuary)
  2 hobgoblin zombies (Ossuary)
  A jackal skeleton (D:4)
  4 kobold zombies (Ossuary)
  A leopard gecko zombie (D:6)
  3 quokka zombies (Ossuary)
  7 rats
  2 rat zombies (Ossuary)
299 creatures vanquished.

Vanquished Creatures (others)
  A withered plant (Gauntlet)
1 creature vanquished.

Grand Total: 300 creatures vanquished

Notes
Turn   | Place    | Note
-------+----------+-------------------------------------------
     0 | D:1      | gruber the Centaur Hunter began the quest for the Orb.
     0 | D:1      | Reached XP level 1. HP: 17/17 MP: 1/1
   378 | D:1      | Reached XP level 2. HP: 21/25 MP: 2/2
  1173 | D:2      | Reached XP level 3. HP: 31/31 MP: 3/3
  1267 | D:2      | Found a white marble altar of Elyvilon.
  1556 | D:3      | Reached XP level 4. HP: 40/41 MP: 4/4
  1724 | D:3      | Found a snail-covered altar of Cheibriados.
  1763 | D:3      | Found a glowing drain.
  1820 | Sewer    | Entered a sewer
  2187 | Sewer    | Noticed a bullfrog
  2201 | Sewer    | Killed a bullfrog
  2201 | Sewer    | Reached skill level 5 in Fighting
  2201 | Sewer    | Reached XP level 5. HP: 34/48 MP: 5/5
  2743 | D:3      | Found a shimmering altar of Xom.
  2743 | D:3      | Found a shimmering altar of Xom.
  2744 | D:3      | Found a shimmering altar of Xom.
  3306 | D:4      | Noticed Grinder
  3367 | D:4      | Found a sand-covered staircase.
  3384 | Ossuary  | Entered an ossuary
  3413 | Ossuary  | HP: 2/50 [mummy (11)]
  3423 | Ossuary  | Reached XP level 6. HP: 12/57 MP: 6/6
  3781 | Ossuary  | Reached skill level 6 in Bows
  3951 | D:4      | Found a sparkling altar of Nemelex Xobeh.
  3995 | D:4      | Killed Grinder
  3995 | D:4      | Reached skill level 8 in Bows
  4023 | D:4      | Reached XP level 7. HP: 54/63 MP: 7/7
  4117 | D:4      | Found a shattered altar of Ashenzari.
  4230 | D:4      | Reached skill level 9 in Bows
  4846 | D:5      | Entered Level 5 of the Dungeon
  4861 | D:5      | Reached skill level 10 in Bows
  5096 | D:5      | Reached XP level 8. HP: 59/70 MP: 8/8
  5249 | D:5      | Noticed Prince Ribbit
  5308 | D:5      | Killed Prince Ribbit
  5308 | D:5      | Reached skill level 11 in Bows
  5774 | D:5      | Reached skill level 12 in Bows
  5818 | D:5      | Identified the Compendium of Battle Magic
  6251 | D:6      | Reached skill level 13 in Bows
  6534 | D:6      | Found a staircase to the Ecumenical Temple.
  6542 | Temple   | Entered the Ecumenical Temple
  6750 | Temple   | Became a worshipper of Warmaster Okawaru
  6782 | D:6      | Reached XP level 9. HP: 72/75 MP: 9/9
  7271 | D:6      | Found a shadowy altar of Dithmenos.
  7271 | D:6      | Found a deep blue altar of Sif Muna.
  7272 | D:6      | Found a radiant altar of Vehumet.
  7346 | D:6      | Found a runed translucent door.
  7347 | D:6      | Noticed Crazy Yiuf
  7369 | D:6      | Killed Crazy Yiuf
  7369 | D:6      | Reached skill level 14 in Bows
  7799 | D:6      | Reached skill level 1 in Polearms
  8303 | D:7      | Reached * piety under Okawaru
  8842 | D:7      | Reached skill level 5 in Polearms
  9094 | D:8      | Found a bloodstained altar of Trog.
  9165 | D:8      | Found Hijig's Armour Shop.
  9226 | D:8      | Found a hide-covered altar of Uskayaw.
  9717 | D:8      | Noticed a kobold demonologist
  9756 | D:8      | Reached ** piety under Okawaru
  9843 | D:8      | Killed a kobold demonologist
  9843 | D:8      | Reached XP level 10. HP: 83/83 MP: 7/10
 10165 | D:9      | Found a blossoming altar of Fedhas.
 11202 | D:9      | Reached *** piety under Okawaru
 11749 | D:10     | Entered Level 10 of the Dungeon
 12249 | D:10     | Found a staircase to the Orcish Mines.
 12336 | D:10     | Received a gift from Okawaru
 12365 | D:10     | Noticed Psyche
 12385 | D:10     | Killed Psyche
 12385 | D:10     | Reached skill level 10 in Fighting
 12663 | D:10     | Noticed a death yak
 12665 | D:10     | Got a brightly glowing mace
 12670 | D:10     | Identified the +3 mace of Tartarus {elec, +Blink rElec rF+
                  | MR++} (You found it on level 10 of the Dungeon)
 12908 | D:10     | Killed a death yak
 12908 | D:10     | Reached skill level 1 in Armour
 13082 | D:10     | Reached XP level 11. HP: 95/100 MP: 11/11
 13109 | D:10     | Reached **** piety under Okawaru
 13194 | D:10     | Noticed a death yak
 13215 | D:10     | Noticed a death yak
 13344 | D:10     | Noticed a brown ugly thing
 13366 | D:10     | Found a staircase to the Lair.
 13428 | D:10     | HP: 4/100 [acid (8)]
 13429 | D:10     | Killed a brown ugly thing
 13429 | D:10     | Reached skill level 1 in Maces & Flails
 14332 | D:10     | Killed a death yak
 14351 | D:10     | Killed a death yak
 15265 | D:11     | Found a gate leading to a gauntlet.
 15271 | D:11     | Got a bloodstained spear
 15272 | D:11     | Identified the cursed +2 spear of Evolution {pierce, Str+2}
                  | (You found it on level 11 of the Dungeon)
 15300 | Gauntlet | Entered a Gauntlet
 15300 | Gauntlet | Found a transporter.
 15300 | Gauntlet | Found a transporter.
 15300 | Gauntlet | Found a transporter.
 15301 | Gauntlet | Found a transporter.
 15304 | Gauntlet | Found a transporter.
 15304 | Gauntlet | Found a transporter.
 15314 | Gauntlet | Found a transporter.
 15318 | Gauntlet | Found a transporter.
 15326 | Gauntlet | Noticed a large abomination
 15327 | Gauntlet | Noticed a sixfirhy
 15328 | Gauntlet | Found a transporter.
 15328 | Gauntlet | Noticed a sixfirhy
 15328 | Gauntlet | Noticed a sixfirhy
 15329 | Gauntlet | Noticed a sixfirhy
 15427 | Gauntlet | Noticed a ghost crab
 15432 | Gauntlet | Found a transporter.
 15432 | Gauntlet | Found a transporter.
 15444 | Gauntlet | Found a transporter.
 15528 | Gauntlet | Identified the +6 great mace "Lywumao" {pain, *Noise rElec
                  | rPois Str+3}
 15528 | Gauntlet | Noticed a minotaur
 15771 | Gauntlet | Slain by a red devil

Levels and vault maps discovered:
D:1:      scummos_arrival_simple_crosswalls, layout_basic
D:2:      layout_rooms, nicolae_overflow_hidden_temple, first_ration
D:3:      layout_basic, xom_redecorated, portal_sewer_entry_f,
          kennysheep_slug_shrine
D:4:      kennysheep_big_flooded_room, layout_rooms,
          nicolae_ashenzari_panopticon, nemelex_xobeh_ov_fountains_minmay,
          nicolae_ossuary_entry_ruins, uniq_grinder
D:5:      cheibrodos_barr_body, layout_rooms, uniq_prince_ribbit1
D:6:      layout_loops_ring, gammafunk_temple_overflow_claw,
          minmay_temple_entry_slanted, minivault_26, uniq_crazy_yiuf_cottage
D:7:      layout_basic, the_bakery, dk_rats_in_the_wall
D:8:      minmay_flawed_box, layout_loops_ring, eat_drink_and_be_merry_uskayaw,
          serial_shops, nicolae_shop_stone, special_room [special_room_kobold],
          trog_eyes_of_draining
D:9:      layout_grid_maze, fedhas_ov_isle_minmay
D:10:     layout_basic, dpeg_lair_monsters, minmay_orc_entry_guard_dogs,
          uniq_psyche
D:11:     layout_roguey, gauntlet_entry_generic
Temple:   eino_temple_water
Sewer:    sewer_frog_island_01
Ossuary:  ossuary_minmay_chase
Gauntlet: gammafunk_gauntlet_hard_choice [nicolae_gauntlet_arena_blocks,
          nicolae_gauntlet_arena_t_cross, gammafunk_gauntlet_arena_arrow_garden,
          nicolae_gauntlet_arena_quarters, gammafunk_gauntlet_arena_crates,
          gammafunk_gauntlet_arena_grid, nicolae_gauntlet_exit_dead_adventurers]

Skill      XL: |  1  2  3  4  5  6  7  8  9 10 11 |
---------------+----------------------------------+-----
Fighting       | 3 4 5 6 10 | 10.2
Bows           | 8 10 13 14 | 14.0
Polearms       | 7 |  7.3
Armour         | 2 |  2.7
Maces & Flails | 3 |  3.0
Dodging        | 4 |  4.2
Stealth        | |  0.4

Action                   |  1- 3 |  4- 6 |  7- 9 | 10-12 || total
-------------------------+-------+-------+-------+-------++-------
Melee: Short sword       |   107 |    43 |    65 |       ||   215
       Kick              |    16 |    13 |    20 |    14 ||    63
       Spear             |       |       |    18 |       ||    18
       Rapier            |       |       |       |     8 ||     8
       Mace              |       |       |       |    19 ||    19
 Fire: Shortbow          |    10 |   195 |   488 |   578 ||  1271
Invok: Heroism           |       |       |     2 |     9 ||    11
Evoke: Wand              |       |       |       |     3 ||     3
  Use: Potion            |       |     2 |     1 |     4 ||     7
       Scroll            |       |       |       |     8 ||     8
  Eat: Chunk             |     1 |     4 |    13 |     9 ||    27
       Ration            |       |     1 |     1 |     2 ||     4
Armor: Leather armour    |    59 |    43 |    64 |    21 ||   187
       Robe              |       |       |       |    30 ||    30
Dodge: Dodged            |    66 |    43 |   103 |    89 ||   301

Table legend:
 A = Non-vault XP
 B = Vault XP
 C = Vault XP percentage of total XP
 D = Non-vault monster count
 E = Vault monster count
 F = Vault count percentage of total count
                 A         B        C        D         E       F
            +---------+---------+-------+---------+---------+-------
      Total |    8413 |    7294 |  46.4 |     207 |      92 |  30.8
            +---------+---------+-------+---------+---------+-------
        D:1 |      37 |       0 |   0.0 |      17 |       0 |   0.0
        D:2 |      29 |       0 |   0.0 |      17 |       0 |   0.0
        D:3 |      84 |      15 |  15.2 |      23 |       6 |  20.7
        D:4 |     457 |     330 |  41.9 |      19 |       3 |  13.6
        D:5 |     352 |     643 |  64.6 |       7 |       9 |  56.2
        D:6 |    1113 |      40 |   3.5 |      25 |       1 |   3.8
        D:7 |     733 |     224 |  23.4 |      28 |       1 |   3.4
        D:8 |     750 |    1184 |  61.2 |      11 |      19 |  63.3
        D:9 |    1863 |       0 |   0.0 |      29 |       0 |   0.0
       D:10 |    2417 |    4079 |  62.8 |      22 |       9 |  29.0
       D:11 |     578 |       0 |   0.0 |       9 |       0 |   0.0
      Sewer |       0 |     119 | 100.0 |       0 |      19 | 100.0
    Ossuary |       0 |      91 | 100.0 |       0 |      21 | 100.0
   Gauntlet |       0 |     569 | 100.0 |       0 |       4 | 100.0
            +---------+---------+-------+---------+---------+-------
